 Dungeon Crawl Stone Soup version 0.20-a0-19-gd4fea00 (webtiles) character file.

403 mrath the Cudgeler (level 6, -3/52 HPs)
             Began as a Minotaur Fighter on Nov 5, 2016.
             Was an Initiate of Qazlal.
             Slain by KristoblXynda's ghost (17 damage)
             ... on level 4 of the Dungeon.
             The game lasted 00:11:21 (3498 turns).

mrath the Cudgeler (Minotaur Fighter)               Turns: 3498, Time: 00:11:22

Health: -3/52      AC:  7    Str: 27    XL:     6   Next: 55%
Magic:  5/5        EV:  8    Int:  5    God:    Qazlal [......]
Gold:   280        SH: 10    Dex: 10    Spells: 0 memorised, 5 levels left

rFire  . . .     SeeInvis .     a - +0 flail
rCold  . . .     Gourm    .     b - +0 scale mail
rNeg   . . .     Faith    .     c - +0 shield
rPois  .         Spirit   .     (helmet restricted)
rElec  .         Reflect  .     (no cloak)
rCorr  .         Harm     .     (no gloves)
MR     .....                    (no boots)
Stlth  ..........               (no amulet)
                                (no ring)
                                (no ring)

@: mighty
A: retaliatory headbutt, horns 2
a: Renounce Religion


You were on level 4 of the Dungeon.
You worshipped Qazlal.
Qazlal was noncommittal.
You were not hungry.

You visited 1 branch of the dungeon, and saw 4 of its levels.

You collected 280 gold pieces.

Inventory:

Hand Weapons
 a - a +0 flail (weapon)
 r - a +4 hunting sling of freezing
Missiles
 e - 120 stones
 t - 11 sling bullets
 C - 4 tomahawks (quivered)
Armour
 b - a +0 scale mail (worn)
 c - a +0 shield (worn)
 o - a +0 plate armour
Jewellery
 h - an uncursed amulet of regeneration {unknown}
 x - an uncursed amulet of magic regeneration {unknown}
Scrolls
 g - 3 scrolls of identify {unknown}
 i - 2 scrolls of recharging {unknown}
 j - a scroll of magic mapping {unknown}
 m - 4 scrolls of remove curse {unknown}
 n - a scroll of noise {unknown}
 p - a scroll of amnesia {unknown}
 y - a scroll of immolation {unknown}
 B - a scroll of random uselessness {unknown}
 D - a scroll of fear {unknown}
Potions
 d - a potion of might
 l - a potion of heal wounds {unknown}
 q - 2 potions of cancellation {unknown}
 s - 2 potions of brilliance {unknown}
 u - a potion of berserk rage {unknown}
 v - 2 potions of curing {unknown}
 A - a potion of haste {unknown}
 F - a potion of mutation {unknown}
Comestibles
 f - 4 bread rations
 k - a beef jerky
 w - 3 fruits
 z - a meat ration
 E - 2 chunks of flesh


   Skills:
 + Level 4.1 Fighting
 + Level 7.0 Maces & Flails
 + Level 1.4 Throwing
 + Level 4.1 Armour
 + Level 1.4 Dodging
 + Level 4.4 Shields


You had 5 spell levels left.
You didn't know any spells.

Dungeon Overview and Level Annotations

Branches:
Dungeon (4/15)
 Temple: D:4-7

Altars:
Hepliaklqana
Makhleb
Qazlal
Ru
Uskayaw
Vehumet
Xom
Zin

Annotations:
D:4 KristoblXynda's ghost, novice HOFi


Innate Abilities, Weirdness & Mutations

You reflexively headbutt those who attack you in melee.
You have a pair of horns on your head.


Message History

You barely miss KristoblXynda's ghost. You headbutt KristoblXynda's ghost!
KristoblXynda's ghost is moderately damaged.
KristoblXynda's ghost barely misses you.
You furiously retaliate!
You headbutt KristoblXynda's ghost. You hit KristoblXynda's ghost.
Your headbutt misses KristoblXynda's ghost.
KristoblXynda's ghost is heavily damaged.
KristoblXynda's ghost hits you!
* * * LOW HITPOINT WARNING * * *
You barely miss KristoblXynda's ghost.
KristoblXynda's ghost is heavily damaged.
KristoblXynda's ghost completely misses you.
Your shield and scale mail prevent you from hitting KristoblXynda's ghost.
KristoblXynda's ghost is heavily damaged.
You block KristoblXynda's ghost's attack.
KristoblXynda's ghost hits you but does no damage.
You hit KristoblXynda's ghost but do no damage.
KristoblXynda's ghost is heavily damaged.
KristoblXynda's ghost hits you!
You die...

....##..###.## ##.##
#..........###...###########
###............#...........
#..............##.##..######
#....###.##.#.##...........#
#........##.#.##..##..####.#
.####....###.##.#.##......#
#.................##..##..#
.........###....@W<.......#
.####.#..# ####.#########<#
#.#..... ...# #.#
..#.######### #.# #.##.# #.#
#. #.# #.# #. #.# #.# .. .#
#.# #.#


You could see KristoblXynda's ghost.

Vanquished Creatures
  The ghost of KristoblXynda the Charmwright, an amateur DrSk (D:3)
  A crimson imp (D:3)
  A hound (D:4)
  An iguana (D:4)
  Natasha (thrice) (D:2)
  An orc wizard (D:3)
  Robin (D:2)
  5 adders
  A worm (D:2)
  A leopard gecko (D:2)
  4 orcs (D:3)
  3 giant cockroaches (D:2)
  15 goblins
  9 hobgoblins
  5 jackals
  A quokka (D:2)
  5 bats
  6 kobolds
  7 rats
71 creatures vanquished.

Notes
Turn   | Place    | Note
-------+----------+-------------------------------------------
     0 | D:1      | mrath the Minotaur Fighter began the quest for the Orb.
     0 | D:1      | Reached XP level 1. HP: 19/19 MP: 0/0
   251 | D:1      | Reached skill level 3 in Maces & Flails
   358 | D:1      | Reached XP level 2. HP: 26/26 MP: 1/1
   990 | D:2      | Noticed Robin
  1003 | D:1      | Reached skill level 4 in Maces & Flails
  1232 | D:2      | Noticed Natasha
  1239 | D:2      | Killed Natasha
  1239 | D:2      | Reached XP level 3. HP: 24/31 MP: 2/2
  1249 | D:2      | Noticed Natasha
  1255 | D:2      | Killed Natasha
  1255 | D:2      | Reached skill level 5 in Maces & Flails
  1255 | D:2      | Reached XP level 4. HP: 7/39 MP: 3/3
  1803 | D:2      | Killed Robin
  1888 | D:2      | Found a hazy altar of Hepliaklqana.
  2042 | D:2      | Noticed Natasha
  2047 | D:2      | Reached skill level 6 in Maces & Flails
  2050 | D:2      | Killed Natasha
  2050 | D:2      | Reached XP level 5. HP: 45/45 MP: 4/4
  2739 | D:3      | Noticed KristoblXynda's ghost (amateur DrSk)
  2747 | D:3      | Killed KristoblXynda's ghost
  2747 | D:3      | Reached skill level 1 in Dodging
  2750 | D:3      | Found a radiant altar of Vehumet.
  2829 | D:3      | Reached XP level 6. HP: 49/52 MP: 5/5
  2929 | D:3      | Found a hide-covered altar of Uskayaw.
  2929 | D:3      | Found a stormy altar of Qazlal.
  2935 | D:3      | Found a glowing silver altar of Zin.
  2935 | D:3      | Found a sacrificial altar of Ru.
  2943 | D:3      | Reached skill level 1 in Throwing
  3005 | D:3      | Became a worshipper of Qazlal Stormbringer
  3023 | D:3      | Found a burning altar of Makhleb.
  3023 | D:3      | Found a shimmering altar of Xom.
  3389 | D:4      | Reached skill level 7 in Maces & Flails
  3484 | D:4      | Noticed KristoblXynda's ghost (novice HOFi)
  3498 | D:4      | Slain by KristoblXynda's ghost

Vault maps used:
D:1:      dpeg_arrival_circle_labyrinth_c
D:2:      lemuel_coloured_pillars_altar, uniq_robin, uniq_natasha
D:3:      grunt_temple_overflow_champion_of_chaos, lemuel_doored_altar,
          grunt_temple_overflow_open, minmay_misc_feat_roman,
          minmay_misc_feat_pillars

Skill      XL: |  1  2  3  4  5  6 |
---------------+-------------------+-----
Maces & Flails | 3 4 5 6 7 |  7.0
Dodging        | 1 |  1.4
Shields        | 4 |  4.4
Throwing       | 1 |  1.4
Armour         | 4 |  4.1
Fighting       | 4 |  4.1

Action                   |  1- 3 |  4- 6 || total
-------------------------+-------+-------++-------
Melee: Flail             |    52 |   130 ||   182
       Headbutt          |     5 |    25 ||    30
Throw: Stone             |       |     4 ||     4
       Tomahawk          |       |     3 ||     3
  Use: Potion            |       |     1 ||     1
  Eat: Chunk             |     1 |     7 ||     8
Armor: Scale mail        |    21 |    43 ||    64
Dodge: Dodged            |    27 |    41 ||    68
Block: Shield            |    27 |    48 ||    75
